Mecha, chaotic female elven Priestess ------ |<...| # -------- ##-....| -.--- |.[....| # |.....# #..(.| |......-######.....|# #|....# #-......|# ------# #|...|####|......|# # #-----# ##-.----#-# # #### # ########### # # # # ### # # # # # # # #### # # # ## # # # ### # #----- ------ ------ # ## ----.------- #|..........| |....| -----------######|..........| )-@h........| |....| |.....)...-# #...........| |.....>.`..| |....-#######..........| |..........| ------------ ------ ----------- ------------ Mecha the Acolyte Experience level: 5 Strength: 11 Dexterity: 12 Constitution: 12 Intelligence: 11 Wisdom: 20 Charisma: 11 Health: 0(35) Energy: 88(88) AC: 6 Gold: 0 Moves: 3072 Your Inventory: Weapons a - a blessed +1 mace (weapon in hand) t - 2 uncursed [+0] darts (in quiver) Armor b - an uncursed +0 robe c - an uncursed +0 small shield (being worn) w - an uncursed +0 cloak of protection (being worn) Comestibles F - an uncursed food ration Scrolls m - an uncursed scroll labeled VENZAR BORGAVVE [of confuse monster] s - an uncursed scroll labeled PRATYAVAYAH [of enchant weapon] z - a cursed scroll labeled LOREN IPSUM [of genocide] A - an uncursed scroll labeled GNIK SISI VLE [of remove curse] Potions p - an uncursed sky blue potion [of paralysis] r - a blessed swirly potion [of blindness] x - a cursed dark green potion [of object detection] Wands o - an uncursed wand called not revealed by engraving [of probing (0:7)] Tools k - an uncursed bag called holding [of holding] Contents of the bag of holding: 322 gold pieces an uncursed [+0] hooded cloak [dwarvish] 2 uncursed food rations an uncursed spellbook of cause fear an uncursed spellbook of detect food an uncursed spellbook of extra healing an uncursed spellbook of fireball 4 potions of holy water an uncursed magic marker (0:30) an uncursed tooled horn an uncursed yellow gem [worthless glass] Spells known in the end: Name Level Category Fail Memory a - extra healing 3 healing 76% [|||||||.] b - detect food 2 divination 56% [|||||||.] c - fireball 4 attack 99% [|||||||.] d - cause fear 3 enchantment 81% [||||||||] Your skills at the end: Fighting Skills Weapon Skills mace [Basic / Expert] Spellcasting Skills clerical spells [Basic / Expert] Final Attributes: You were piously aligned. Hunger level was 812. Your alignment was 24 / 25. Monster difficulty range was 0 - 4. Level difficulty was 4. You were immune to sleep. You saw invisible. You had infravision. Your luck was zero. You are dead. Vanquished creatures: a pony a little dog a floating eye a dwarf a homunculus 3 rothes a giant bat 2 orc zombies a wererat an acid blob 3 manes a hobgoblin a cave spider a brown mold 4 garter snakes a gecko 4 jackals 2 kobolds a goblin 6 grid bugs a lichen a kobold zombie 5 newts 44 creatures vanquished. Voluntary challenges: You were an atheist. You used a wielded weapon 39 times. You read items or engraved 9 times. You put on armor 7 times. You never genocided any monsters. You never polymorphed an object. You never changed form. You used no wishes. You wrote Elbereth's name 5 times. You never encountered a bones level. You never used any Sokoban shortcuts. Dungeon overview: The Dungeons of Doom: levels 1 to 4 Level 1 a fountain a long staircase Level 2 a fountain a long staircase Level 3 some fountains, a sink Level 4 <- You were here History has recorded: On T:1 you entered the Dungeons of Doom to retrieve the Amulet of Yendor! On T:699 you reached level 2 of The Dungeons of Doom. On T:718 you advanced to experience level 2. On T:1422 you reached level 3 of The Dungeons of Doom. On T:1507 you advanced to experience level 3. On T:1523 you advanced to experience level 4. On T:2038 you advanced to experience level 5. On T:2046 you reached level 4 of The Dungeons of Doom. Latest messages: The dwarf throws a dart! The pony is hit. You hear some noises. Something is written here in the dust. You read: "E b re". [HP+1=20] The little dog bites the pony. The pony is killed! [HP+1=21] The dwarf throws a dart! The dart misses the little dog. You are hit by a dart. [HP-2=19] The little dog misses the dwarf. (2x) You displaced your little dog. The dwarf thrusts her broad short sword. The dwarf hits! [HP-12=7] You miss the dwarf. (2x) The dwarf thrusts her broad short sword. The dwarf hits! [HP-4=3] You miss the dwarf. (2x) The dwarf thrusts her broad short sword. The dwarf hits! You die... Final status: Goodbye Mecha the Priestess... You died in The Dungeons of Doom on dungeon level 4 with 1364 points, and 322 pieces of gold, after 3072 moves. You were level 5 with a maximum of 35 hit points when you died.